 Dungeon Crawl Stone Soup version 0.30.0-13-g156ef70053 (webtiles) character file.

Game seed: 4369950369364705464

21 dialectric the Covert (level 2, -1/16 HPs)
             Began as a Spriggan Delver on May 17, 2023.
             Slain by a hound (3 damage)
             ... on level 5 of the Dungeon.
             The game lasted 00:01:06 (394 turns).

dialectric the Covert (Spriggan Delver)              Turns: 394, Time: 00:01:07

Health: -1/16      AC:  2    Str:  8    XL:     2   Next: 62%
Magic:  3/3        EV: 17    Int: 11    God:
Gold:   48         SH:  0    Dex: 16    Spells: 1/1 levels left

rFire   . . .        a - +0 short sword
rCold   . . .        (no shield)
rNeg    . . .        b - +0 robe
rPois   .            (helmet restricted)
rElec   .            (no cloak)
rCorr   .            (gloves unavailable)
SInv    +            (boots unavailable)
Will    .....        (no amulet)
Stlth   ++++         (no ring)
HPRegen 0.22/turn    (no ring)
MPRegen 0.08/turn

%: no passive effects
@: very quick
A: very small, no large weapons, unfitting armour, see invisible, speed 3
a: no special abilities


You were on level 5 of the Dungeon.
You visited 1 branch of the dungeon, and saw 2 of its levels.

You collected 48 gold pieces.

Inventory:

Hand Weapons
 a - a +0 short sword (weapon)
Armour
 b - a +0 robe (worn)
Wands
 g - a wand of digging (3)
Scrolls
 c - a scroll of fog
 d - a scroll of magic mapping
 e - a scroll of fear
 h - a scroll of silence {unknown}
 i - a scroll of identify {unknown}
Potions
 f - 2 potions of haste
 j - a potion of curing {unknown}
 k - a potion of might {unknown}


   Skills:
 + Level 2.4 Fighting
 + Level 2.2 Short Blades
 + Level 3.0 Dodging
 * Level 8.2 Stealth


You had one spell level left.
You didn't know any spells.
Your spell library was empty.

Dungeon Overview and Level Annotations

Branches:
Dungeon (6/15)             Temple (0/1) D:5

Altars:


Innate Abilities, Weirdness & Mutations

You are very small and have problems with some larger weapons.
You are too small for most types of armour.
You have supernaturally acute eyesight. (SInv)
You cover ground extremely quickly. (Speed+++)


Message History

The orc is severely wounded.
The orc hits you with a +0 club.
You hit the orc.
You kill the orc!
You hit the orc but do no damage. The orc hits you but does no damage.
You hit the orc but do no damage. The orc hits you with a +0 dagger.
You barely miss the orc. The orc closely misses you.
You hit the orc but do no damage. The orc hits you but does no damage.
You hit the orc.
The orc is moderately wounded.
The orc hits you with a +0 dagger.
You hit the orc.
The orc is heavily wounded.
You barely miss the orc.
The orc is heavily wounded.
The orc hits you with a +0 dagger.
You hit the orc.
The orc is almost dead.
The orc completely misses you.
You hit the orc but do no damage.
The orc is almost dead.
The orc barely misses you.
You hit the orc.
You kill the orc!
The hound completely misses you.
You barely miss the hound. The hound bites you.
You completely miss the hound. The hound bites you.
You barely miss the hound. The hound barely misses you. The hound misses you.
You closely miss the hound. The hound closely misses you.
You barely miss the hound. The hound bites you.
You hit the hound but do no damage. The hound barely misses you.
The hound closely misses you.
You hit the hound.
The hound is moderately wounded.
The hound bites you.
* * * LOW HITPOINT WARNING * * *
You closely miss the hound.
The hound is moderately wounded.
The hound bites you.
You die...

##..# ##.####
#..... #.####
#.#
#############.#
#.............#
#.#############
#@# #h# #'#
....o.....#
####......#
#......#
#......#
#...>.)#
#......#


You could see a hound.

Vanquished Creatures
  10 orcs (D:5)
10 creatures vanquished.

Notes
Turn   | Place    | Note
-------+----------+-------------------------------------------
     0 | D:5      | dialectric the Spriggan Delver began the quest for the Orb.
     0 | D:5      | Reached XP level 1. HP: 11/11 MP: 2/2
   215 | D:5      | Reached XP level 2. HP: 3/16 MP: 3/3
   319 | D:5      | Found a staircase to the Ecumenical Temple.
   319 | D:5      | Noticed a black bear
   372 | D:5      | Reached skill level 8 in Stealth
   394 | D:5      | Slain by a hound

Illustrated notes

Levels and vault maps discovered:
D:5:      layout_basic, minmay_temple_entry_junction, solitary_fountain,
          minivault_1, uniq_blork_the_orc
D:6:      layout_basic, kennysheep_little_box

Skill      XL: |  1  2 |
---------------+-------+-----
Dodging        | 3 |  3.0
Stealth        | 8 |  8.2
Fighting       | |  2.4
Short Blades   | |  2.2

Action                     || total
---------------------------++-------
  Melee: Short sword       ||    54
   Stab: Sleeping          ||     2
 Armour: Robe              ||     5
  Dodge: Dodged            ||    30
